 Dungeon Crawl Stone Soup version 0.19.1 (webtiles) character file.

63 Darkmans the Conjurer (level 3, -4/26 HPs)
             Began as a Draconian Conjurer on Nov 30, 2016.
             Slain by Natasha (6 damage)
             ... on level 2 of the Dungeon.
             The game lasted 00:04:15 (1696 turns).

Darkmans the Conjurer (Draconian Conjurer)          Turns: 1696, Time: 00:04:16

Health: -4/26      AC:  5    Str: 10    XL:     3   Next: 87%
Magic:  3/7        EV: 12    Int: 16    God:
Gold:   99         SH:  0    Dex: 11    Spells: 1 memorised, 6 levels left

rFire  . . .     SeeInvis .     n - +0 dagger (flame)
rCold  . . .     Gourm    .     (armour unavailable)
rNeg   . . .     Faith    .     (no shield)
rPois  .         Spirit   .     (helmet restricted)
rElec  .         Reflect  .     (no cloak)
rCorr  +         Harm     .     (no gloves)
MR     .....                    (no boots)
Stlth  ++........               (no amulet)
                                (no ring)
                                i - ring of resist corrosion

@: no status effects
A: unfitting armour, cold-blooded, AC +5
a: no special abilities


You were on level 2 of the Dungeon.
You were not hungry.

You visited 1 branch of the dungeon, and saw 2 of its levels.

You collected 99 gold pieces.

Inventory:

Hand Weapons
 n - a +0 dagger of flaming (weapon)
Jewellery
 i - a ring of resist corrosion (left hand)
Scrolls
 c - a scroll of amnesia {unknown}
 g - a scroll of fog {unknown}
 h - a scroll of identify {unknown}
 j - a scroll of remove curse {unknown}
 k - a scroll of enchant weapon {unknown}
 l - a scroll of random uselessness {unknown}
 o - 2 scrolls of magic mapping {unknown}
Potions
 m - a potion of brilliance {unknown}
Books
 a - a book of Conjurations

   Spells                             Type                      Level
   a - Magic Dart                     Conjuration                  1
   b - Searing Ray                    Conjuration                  2
   c - Dazzling Spray                 Conjuration/Hexes            3
   d - Fulminant Prism                Conjuration/Hexes            4
   e - Iskenderun's Mystic Blast      Conjuration                  4
   f - Iskenderun's Battlesphere      Conjuration/Charms           5
Comestibles
 b - 2 bread rations
 d - 3 fruits
 f - a meat ration


   Skills:
 - Level 1.7 Dodging
 - Level 1.7 Stealth
 + Level 2.7 Spellcasting
 + Level 5.0 Conjurations


You had 6 spell levels left.
You knew the following spells:

 Your Spells              Type           Power        Failure   Level  Hunger
a - Magic Dart            Conj           ###.         2%          1    #......


Dungeon Overview and Level Annotations

Branches:
Dungeon (2/15)

Altars:

Annotations:
D:2 Natasha


Innate Abilities, Weirdness & Mutations

Your plain brown scales are hard. (AC +5)
You cannot fit into any form of body armour.
You are cold-blooded and may be slowed by cold attacks.


Message History

Aiming: Magic Dart
Press: ? - help, Shift-Dir - straight line, f/p - Natasha
Aim: Natasha (severely wounded)
You miscast Magic Dart.
You are very lightly contaminated with residual magic.
Nothing appears to happen.
The iron imp hits you but does no damage.
Natasha casts a spell at you.
You feel yourself slow down.
It was a potion of cancellation.
Your magical effects are unravelling.
You feel magically purged.
Your magical contamination has completely faded away.
You feel yourself speed up. Natasha claws you.
* * * LOW HITPOINT WARNING * * *
The iron imp closely misses you.
Natasha mewls in sadness.
Natasha claws you.
You die...

.####).###.# #.......#.##
....(..# .# #.#######..###).....
.#####.# # #................###
.#####.# .#######..###†#....
...<.#.###.# .. ###..# ###.###
...........# #. #....# #.#
.###.#.###.# #. #.##.# #.# .#
#.#.###.# #h## #.##.# #.###
.###.#.....# #@###.##.# #....
...÷..####.# ##5##.##.# #.##.
.###..# ##.# ##5#.##.# #.... .#
#........ ##.....### ####. .#
#.#####.# # #.#......######.
.###.#####.##.###.#######......†.
......†........#.# ########.
#...(#####)####># #.
##..........# ## #.


You could see an iron imp, Natasha and a crimson imp.

Vanquished Creatures
  3 adders (D:2)
  A dart slug (D:2)
  A leopard gecko (D:2)
  4 giant cockroaches
  7 goblins
  4 hobgoblins
  A ball python (D:2)
  3 bats
  A frilled lizard (D:2)
  3 kobolds
  4 rats
32 creatures vanquished.

Notes
Turn   | Place    | Note
-------+----------+-------------------------------------------
     0 | D:1      | Darkmans the Draconian Conjurer began the quest for the Orb.
     0 | D:1      | Reached XP level 1. HP: 14/14 MP: 3/3
   482 | D:1      | Reached XP level 2. HP: 20/20 MP: 0/5
   979 | D:2      | Reached XP level 3. HP: 26/26 MP: 1/6
  1393 | D:2      | Reached skill level 5 in Conjurations
  1682 | D:2      | Noticed Natasha
  1696 | D:2      | Slain by Natasha

Skill      XL: |  1  2  3 |
---------------+----------+-----
Conjurations   | 5 |  5.0
Dodging        | |  1.7
Stealth        | |  1.7
Spellcasting   | |  2.7

Action                   || total
-------------------------++-------
Melee: Unarmed           ||    23
       Dagger            ||    32
       Tailslap          ||     3
 Cast: Magic Dart        ||    73
  Use: Potion            ||     2
  Eat: Chunk             ||     3
Armor: Skin              ||    33
Dodge: Dodged            ||    45
